 Dungeon Crawl Stone Soup version 0.17-a0-1840-g87820a2 (webtiles) character file.

42 luca467 the Skirmisher (level 3, 0/29 HPs)
             Began as a Mummy Fighter on Sept 16, 2015.
             Slain by a shadow imp (3 damage)
             ... summoned by Natasha
             ... on level 2 of the Dungeon.
             The game lasted 00:04:40 (1259 turns).

luca467 the Skirmisher (Mummy Fighter)              Turns: 1259, Time: 00:04:41

Health: 0/29       AC:  7    Str: 20    XL:     3   Next: 33%
Magic:  3/3        EV:  7    Int:  7    God:
Gold:   89         SH:  9    Dex: 11    Spells: 0 memorised, 2 levels left

rFire  x . .     SeeInvis .     a - +0 flail
rCold  + . .     Clarity  .     b - +0 scale mail
rNeg   + + +     SustAt   .     c - +0 shield
rPois  ∞         Gourm    .     f - +1 hat
rElec  .         Spirit   .     (no cloak)
rCorr  .         Warding  .     (no gloves)
rMut   .         Stasis   .     (no boots)
MR     .....                    (no amulet)
Stlth  ..........               (no ring)
                                (no ring)

@: not resistant to hostile enchantments, extremely unstealthy
A: no food or potions, fire vulnerability, cold resistance 1, negative energy
resistance 3, torment resistance, unbreathing
a: no special abilities


You were on level 2 of the Dungeon.
You were not hungry.

You visited 1 branch of the dungeon, and saw 3 of its levels.

You collected 89 gold pieces.

Inventory:

Hand weapons
 a - a +0 flail (weapon)
Armour
 b - a +0 scale mail (worn)
 c - a +0 shield (worn)
 f - a +1 hat (worn)
Jewellery
 d - an uncursed ring of sustain attributes {unknown}
Magical devices
 h - a wand of fireball (6)
Scrolls
 e - a scroll of amnesia {unknown}
 g - a scroll of magic mapping {unknown}
 i - a scroll of enchant weapon {unknown}
 j - a scroll of identify {unknown}


   Skills:
 + Level 3.3 Fighting
 * Level 2.4 Maces & Flails
 + Level 2.6 Armour
 + Level 2.7 Shields


You had 2 spell levels left.
You didn't know any spells.

Dungeon Overview and Level Annotations

Branches:
Dungeon (3/15)

Altars:

Annotations:
D:2 Natasha


Innate Abilities, Weirdness & Mutations

You do not eat or drink.
Your flesh is vulnerable to fire.
You are immune to poison.
Your flesh is cold resistant.
You are immune to negative energy.
You are immune to unholy pain and torment.
You can survive without breathing.


Message History

The shadow imp closely misses you. Natasha claws you!
The crimson imp hits you but does no damage.
You block the shadow imp's attack.
You hit Natasha but do no damage.
Natasha is severely wounded.
You block Natasha's attack. You block the crimson imp's attack.
You block the shadow imp's attack.
Natasha zaps a wand.
The magic dart hits you!
* * * LOW HITPOINT WARNING * * *
You hit Natasha.
Natasha is almost dead.
You block the crimson imp's attack. You block the shadow imp's attack.
Natasha barely misses you. The shadow imp completely misses you.
You miss Natasha.
Natasha is almost dead.
Natasha claws you but does no damage.
The crimson imp shouts, "Quit, thou currish fen-sucked mendicant!"
The crimson imp shouts, "Escape, thou pox-marked spleeny canker-blossom!"
The crimson imp blinks!
The shadow imp hits you.
You die...

#......#.##.######.##..##†..#
###................##..#.....
#.....############.........
#..........# #.........
#.(...####.## #.###.....
###...# #...# #.##...##.
##### #...# #.##.#.##. #...#
#......##. #§@.# ####.#####
#####5h5###### #.# #
#.............## #.# #
.......5.......# #.# ..
#............<.# #.# ##
######..<#####.......# #
#...# ####...## # #...# #...#
# ...... #...#


You could see Natasha, 2 crimson imps and a shadow imp.

Vanquished Creatures
  An adder (D:2)
  A worm (D:2)
  An orc (D:2)
  4 bats (D:1)
  A giant cockroach (D:1)
  2 hobgoblins (D:1)
  6 jackals (D:1)
  2 kobolds
  4 giant newts
  3 goblins (D:1)
  3 rats
28 creatures vanquished.

Notes
Turn   | Place    | Note
--------------------------------------------------------------
     0 | D:1      | luca467 the Mummy Fighter began the quest for the Orb.
     0 | D:1      | Reached XP level 1. HP: 18/18 MP: 1/1
   215 | D:1      | Reached XP level 2. HP: 22/24 MP: 2/2
   769 | D:2      | Noticed Natasha
  1041 | D:2      | Reached XP level 3. HP: 21/29 MP: 3/3
  1200 | D:2      | You fall through a shaft!
  1259 | D:2      | Slain by a shadow imp

Vault maps used:
D:1:      enne_arrival_octagon_isle, minmay_misc_feat_rows
D:2:      gammafunk_temple_overflow_wave, uniq_natasha
D:3:      first_bread, bh_chokoban

Action                   || total
-------------------------++-------
Melee: Flail             ||   129
